 Dungeon Crawl Stone Soup version 0.19.3 (webtiles) character file.

4356 Lahna the Grappler (level 10, -1/102 HPs)
             Began as a Troll Monk on Jan 22, 2017.
             Was an Elder of Okawaru.
             Slain by a ten-headed hydra (9 damage)
             ... on level 10 of the Dungeon.
             The game lasted 00:22:31 (8414 turns).

Lahna the Grappler (Troll Monk)                     Turns: 8414, Time: 00:22:32

Health: -1/102     AC:  8    Str: 21    XL:     10   Next: 12%
Magic:  10/12      EV: 14    Int:  6    God:    Okawaru [****..]
Gold:   497        SH:  0    Dex: 15    Spells: 0 memorised, 9 levels left

rFire  . . .     SeeInvis +       - Unarmed
rCold  . . .     Gourm    +     J - +0 troll leather armour
rNeg   . . .     Faith    .     (no shield)
rPois  .         Spirit   .     (helmet restricted)
rElec  .         Reflect  .     r - +0 cloak
rCorr  .         Harm     .     (gloves unavailable)
MR     .....                    (boots unavailable)
Stlth  +++.......               s - amulet of rage
                                (no ring)
                                u - ring of see invisible

@: heroism, drained
A: unfitting armour, claws 3, fast metabolism 3, gourmand, regeneration 1,
shaggy fur 1, tough skin 2
a: Heroism, Renounce Religion, Evoke Berserk Rage


You were on level 10 of the Dungeon.
You worshipped Okawaru.
Okawaru was greatly pleased with you.
You were full.

You visited 1 branch of the dungeon, and saw 10 of its levels.
You also visited: Sewer.

You collected 497 gold pieces.

Inventory:

Missiles
 a - 7 tomahawks of returning
 j - 219 stones
 C - 6 tomahawks (quivered)
 E - 4 poisoned tomahawks
Armour
 r - a +0 cloak (worn)
 J - a +0 troll leather armour (worn)
Jewellery
 s - an amulet of rage (around neck)
 u - a ring of see invisible (left claw)
Wands
 B - a wand of flame (25/48)
 D - a wand of lightning (3/15)
 F - a wand of lightning (6/15)
 L - a wand of flame (23/48)
Scrolls
 c - 5 scrolls of blinking
 g - 11 scrolls of teleportation
 i - 3 scrolls of enchant armour
 l - a scroll of random uselessness {unknown}
 m - 3 scrolls of fear {unknown}
 n - 2 scrolls of immolation {unknown}
 p - a scroll of noise {unknown}
 t - 2 scrolls of remove curse {unknown}
 w - 2 scrolls of amnesia {unknown}
 y - a scroll of acquirement {unknown}
 z - 2 scrolls of identify
 G - a scroll of enchant weapon {unknown}
Potions
 e - a potion of resistance {unknown}
 h - 2 potions of agility
 k - 2 potions of might
 o - 3 potions of curing
 q - a potion of berserk rage {unknown}
 H - a potion of flight {unknown}
 K - a potion of experience {unknown}
Books
 v - a book of Misfortune

   Spells                             Type                      Level
   a - Confusing Touch                Hexes                        1
   b - Confuse                        Hexes                        3
   c - Gell's Gravitas                Hexes/Translocation          3
   d - Petrify                        Transmutation/Earth          4
   e - Metabolic Englaciation         Hexes/Ice                    5
   f - Yara's Violent Unravelling     Hexes/Transmutation          5
 x - a book of Minor Magic

   Spells                             Type                      Level
   a - Magic Dart                     Conjuration                  1
   b - Blink                          Translocation                2
   c - Call Imp                       Summoning                    2
   d - Repel Missiles                 Charms/Air                   2
   e - Slow                           Hexes                        2
   f - Conjure Flame                  Conjuration/Fire             3
   g - Mephitic Cloud                 Conjuration/Poison/Air       3
Comestibles
 b - 9 bread rations
 d - 10 fruits
 f - 8 beef jerkies
 A - 2 meat rations


   Skills:
 - Level 7.0(11.2) Fighting
 - Level 4.0(8.3) Throwing
 - Level 4.0(8.3) Dodging
 - Level 1.0(5.3) Stealth
 + Level 9.9(14.0) Unarmed Combat
 - Level 5.0(4.4) Invocations


You had 9 spell levels left.
You didn't know any spells.

Dungeon Overview and Level Annotations

Branches:
Dungeon (10/15)            Temple (0/1) D:5            Lair (0/6) D:10
    Orc (0/2) D:10

Altars:
Ashenzari
Dithmenos
Elyvilon
Fedhas
Gozag
Kikubaaqudgha
Makhleb
Okawaru
Ru
Sif Muna
The Shining One

Shops:
D:9 *   D:10 (


Innate Abilities, Weirdness & Mutations

You are too large for most types of armour.
You have claws for hands.
Your metabolism is lightning-fast.
You like to eat raw meat.
Your natural rate of healing is unusually fast.
You are covered in fur. (AC +1)
You have very tough skin. (AC +2)


Message History

* * * LOW HITPOINT WARNING * * *
The ten-headed hydra bites you.
* * * LOW HITPOINT WARNING * * *
The ten-headed hydra bites you but does no damage. x2
You barely miss the ten-headed hydra.
The ten-headed hydra is severely wounded.
The orc wizard casts a spell.
The orc wizard blinks!
Unknown command.
Okay, then.
You barely miss the ten-headed hydra.
The ten-headed hydra is severely wounded.
The ten-headed hydra closely misses you.
The ten-headed hydra bites you!
* * * LOW HITPOINT WARNING * * *
The ten-headed hydra barely misses you. The ten-headed hydra misses you.
The ten-headed hydra bites you.
* * * LOW HITPOINT WARNING * * *
The ten-headed hydra bites you!
You die...

#.'######..........
#.....######.
........###'#####. #.....# #.
................# #.....# #.
................+ #.....# #.
................# #.....# +.
................###+#..§..# #.
..........................####
...................o..........
####+###........@Do...(..((.(.
# #..................o... #
#............o.......o. #
#........#####.........
.....$..# #........? ..w....
#......... ≈≈≈≈... #.........
≈≈≈≈≈≈. #......###


You could see a ten-headed hydra, a worm, an orc wizard and 2 orcs.

Vanquished Creatures
  A troll (D:9)
  A two-headed ogre (D:8)
  A hippogriff (D:9)
  A steam dragon (D:9)
  Edmund (D:4)
  A water moccasin (D:8)
  An orc warrior (D:6)
  An eye of draining (D:9)
  An ice beast (D:9)
  3 ogres
  A phantom (D:8)
  2 centaurs
  A big kobold (D:9)
  2 bullfrogs
  A water moccasin skeleton (D:10)
  4 killer bees (D:8)
  14 wights
  2 howler monkeys (D:7)
  2 vampire bats (D:3)
  2 bullfrog zombies
  3 crimson imps
  3 orc priests
  5 hounds
  A bullfrog skeleton (D:9)
  2 jellies (D:10)
  Crazy Yiuf (D:3)
  7 orc wizards
  9 worker ants
  2 hound zombies
  A hound skeleton (D:4)
  2 worker ant zombies
  10 gnolls
  A howler monkey skeleton (D:4)
  15 adders
  2 shadow imps
  5 oozes
  3 adder skeletons
  An adder zombie (D:8)
  5 worms
  A dart slug (D:1)
  6 leopard geckos
  27 orcs
  4 ball pythons
  12 bats
  4 bat skeletons (D:3)
  A bat zombie (D:3)
  6 giant cockroaches
  9 goblins
  11 hobgoblins
  12 jackals
  11 kobolds
  6 quokkas
  7 frilled lizards
  A leopard gecko skeleton (D:4)
  A quokka skeleton (D:4)
  A quokka zombie (D:9)
  7 rats
248 creatures vanquished.

Notes
Turn   | Place    | Note
-------+----------+-------------------------------------------
     0 | D:1      | Lahna the Troll Monk began the quest for the Orb.
     0 | D:1      | Reached XP level 1. HP: 22/22 MP: 0/0
   131 | D:1      | Reached XP level 2. HP: 29/29 MP: 1/1
   437 | D:1      | Reached XP level 3. HP: 37/37 MP: 2/2
  1243 | D:2      | Reached XP level 4. HP: 46/48 MP: 3/3
  1730 | D:3      | Reached XP level 5. HP: 54/54 MP: 4/4
  1806 | D:3      | Found a runed door.
  1810 | D:3      | Noticed Crazy Yiuf
  1818 | D:3      | Killed Crazy Yiuf
  2340 | D:3      | Found an ancient bone altar of Kikubaaqudgha.
  2347 | D:3      | Reached skill level 4 in Unarmed Combat
  2347 | D:3      | Reached XP level 6. HP: 62/62 MP: 5/5
  2554 | D:4      | Noticed Edmund
  2568 | D:4      | Killed Edmund
  2568 | D:4      | Reached skill level 5 in Unarmed Combat
  2594 | D:4      | Reached XP level 7. HP: 64/70 MP: 6/6
  2782 | D:4      | Reached skill level 6 in Unarmed Combat
  2988 | D:5      | Entered Level 5 of the Dungeon
  2988 | D:5      | Found an opulent altar of Gozag.
  3043 | D:5      | Found an iron altar of Okawaru.
  3048 | D:5      | Became a worshipper of Warmaster Okawaru
  3048 | D:5      | Reached * piety under Okawaru
  3048 | D:5      | Reached ** piety under Okawaru
  3067 | D:5      | Found a staircase to the Ecumenical Temple.
  3121 | D:5      | Reached skill level 7 in Unarmed Combat
  3284 | D:5      | Reached skill level 1 in Invocations
  3812 | D:6      | Reached XP level 8. HP: 65/78 MP: 9/9
  3857 | D:6      | Found a glowing drain.
  3866 | Sewer    | Entered a sewer
  4379 | D:6      | Reached skill level 5 in Fighting
  5241 | D:7      | Reached skill level 5 in Invocations
  5681 | D:7      | Reached *** piety under Okawaru
  5681 | D:7      | Reached skill level 8 in Unarmed Combat
  6039 | D:8      | Found a sacrificial altar of Ru.
  6040 | D:8      | Found a glowing golden altar of the Shining One.
  6042 | D:8      | Found a burning altar of Makhleb.
  6042 | D:8      | Found a shattered altar of Ashenzari.
  6042 | D:8      | Found an opulent altar of Gozag.
  6044 | D:8      | Found a blossoming altar of Fedhas.
  6044 | D:8      | Found a deep blue altar of Sif Muna.
  6045 | D:8      | Found a white marble altar of Elyvilon.
  6047 | D:8      | Reached XP level 9. HP: 88/88 MP: 11/11
  6111 | D:8      | Reached skill level 9 in Unarmed Combat
  6117 | D:8      | Reached skill level 1 in Throwing
  7003 | D:8      | Found a shadowy altar of Dithmenos.
  7337 | D:9      | Noticed a troll
  7350 | D:9      | Killed a troll
  7350 | D:9      | Reached **** piety under Okawaru
  7428 | D:9      | Received a gift from Okawaru
  7649 | D:9      | Found Viur's Serpentskin Sales.
  7950 | D:9      | Reached XP level 10. HP: 102/102 MP: 9/12
  8127 | D:10     | Entered Level 10 of the Dungeon
  8175 | D:10     | Found a staircase to the Lair.
  8364 | D:10     | Found a staircase to the Orcish Mines.
  8375 | D:10     | Found Ingemif's Antique Weapon Shop.
  8399 | D:10     | Noticed an eight-headed hydra
  8414 | D:10     | Slain by a ten-headed hydra

Skill      XL: |  1  2  3  4  5  6  7  8  9 |
---------------+----------------------------+-----
Fighting       | 3 4 5 7 |  7.0
Dodging        | 3 4 |  4.0
Unarmed Combat | 4 5 7 8 9 |  9.9
Invocations    | 3 5 |  5.0
Throwing       | 4 |  4.0
Stealth        | |  1.0

Action                   |  1- 3 |  4- 6 |  7- 9 | 10-12 || total
-------------------------+-------+-------+-------+-------++-------
Melee: Unarmed           |    88 |   169 |   396 |    63 ||   716
       Punch             |     2 |       |    15 |     5 ||    22
Throw: Stone             |       |       |    41 |       ||    41
       Tomahawk          |       |       |     9 |     8 ||    17
Invok: Heroism           |       |       |     4 |     1 ||     5
  Use: Scroll            |       |       |     8 |       ||     8
       Potion            |       |       |     5 |       ||     5
 Stab: Sleeping          |     2 |     3 |     3 |       ||     8
       Invisible         |       |     2 |       |       ||     2
  Eat: Chunk             |    17 |    12 |    50 |     2 ||    81
Armor: Robe              |    33 |    71 |    75 |       ||   179
       Troll leather arm |       |       |    11 |    17 ||    28
Dodge: Dodged            |    45 |   123 |   213 |    42 ||   423
